[Event "Team 45 45 League T47"]
[Site "Internet Chess Club"]
[Date "2010.12.10"]
[Round "6"]
[White "PsyMar"]
[Black "KidRattler"]
[Result "0-1"]
[WhiteElo "1244"]
[BlackElo "1086"]
[Opening "French: Rubinstein variation"]
[ECO "C10"]
[Time "10:04:06"]
[TimeControl "2700+45"]

1. e4 e6 2. d4 d5 3. Nc3 dxe4 4. Nxe4 Nc6 5. Nf3 Nf6 6. Bd3 Nxd4 7. Nxd4 Qxd4 8.
Bb5+ Qd7 9. Bxd7+ Bxd7 10. Nxf6+ gxf6 11. O-O Bc6 12. f3 Bb5 13. Re1 Rd8 14. Bd2
Bb4 15. Bxb4 Rxd1 16. Raxd1 b6 17. Rd4 c5 18. Rg4 cxb4 19. Rxb4 Bc6 20. Rd4 Ke7
21. Red1 Rc8 22. c4 Ba4 23. Rd7+ Ke8 24. R7d4 Bxd1 25. Rxd1 Rxc4 26. Kf2 Rc2+
27. Kg3 Rxb2 28. a4 Rb4 29. Ra1 Kd7 30. a5 b5 31. Rd1+ Kc6 32. Rc1+ Rc4 33.
Rxc4+ bxc4 34. Kf2 c3 35. Ke2 Kb5 36. Kd3 Kxa5 37. Kxc3 Kb5 38. g4 a5 39. f4 a4
40. f5 exf5 41. gxf5 Kc5 42. h3 h6 43. h4 h5 44. Kd3 a3 45. Kc2 Kd5 46. Kb3 Ke5
47. Kxa3 Kxf5 48. Kb2 Ke4 49. Kc1 f5 50. Kd1 f4 51. Ke1 f3 52. Kf1 Ke3 53. Ke1
f2+ 54. Kf1 f5 55. Kg2 Ke2 56. Kg3 f1=Q 57. Kh2 Qf2+ 58. Kh3 Qf3+ 59. Kh2 Qg4
60. Kh1 Kf2 61. Kh2 Qg2# {White checkmated} 0-1

[Event "Team 45 45 League T47"]
[Site "Internet Chess Club"]
[Date "2010.12.11"]
[Round "6"]
[White "BrianWood"]
[Black "seattleblues"]
[Result "0-1"]
[WhiteElo "1338"]
[BlackElo "1262"]
[Opening "French: Steinitz variation"]
[ECO "C11"]
[Time "20:03:24"]
[TimeControl "2700+45"]

1. e4 e6 2. d4 d5 3. Nc3 Nf6 4. e5 Nfd7 5. Nf3 c5 6. dxc5 Bxc5 7. Bd3 b6 8. O-O
Ba6 9. Bg5 f6 10. exf6 Nxf6 11. Qe2 Bc8 12. Bb5+ Kf8 13. Ne5 h6 14. Ng6+ Kg8 15.
Nxh8 Kxh8 16. Bf4 a6 17. Bd3 Nc6 18. Na4 Be7 19. Nc3 Nb4 20. Qd2 Nxd3 21. cxd3
b5 22. Bxh6 gxh6 23. Qxh6+ Nh7 24. Ne2 Bg5 25. Qh3 e5 26. Qg3 Qe7 27. f4 Bh4 28.
Qe3 d4 29. Nxd4 exd4 30. Qxe7 Bxe7 31. Rae1 Ra7 32. f5 Rd7 33. g4 Bb7 34. Re6
Ng5 35. Rh6+ Kg7 36. Rg6+ Kh7 37. h4 Nf3+ 38. Rxf3 Bxf3 39. g5 Bf8 40. Rxa6 Be2
41. Ra3 {White resigns} 0-1

[Event "Team 45 45 League T47"]
[Site "Internet Chess Club"]
[Date "2010.12.12"]
[Round "6"]
[White "Traho"]
[Black "dabodhi"]
[Result "0-1"]
[WhiteElo "1228"]
[BlackElo "1201"]
[Opening "Ruy Lopez: open (Tarrasch) defense"]
[ECO "C80"]
[Time "15:05:59"]
[TimeControl "2700+45"]

1. e4 e5 2. Nf3 Nc6 3. Bb5 a6 4. Ba4 Nf6 5. O-O Nxe4 6. Re1 Nc5 7. Nxe5 Nxe5 8.
Rxe5+ Be7 9. Bb3 Nxb3 10. axb3 d6 11. Re3 O-O 12. Qe1 Re8 13. Nc3 Bd7 14. Qf1
Bc6 15. d3 d5 16. d4 Bf6 17. Rxe8+ Qxe8 18. Be3 Rd8 19. Re1 Qf8 20. Qe2 Qb4 21.
Qd2 Qd6 22. Bf4 Qd7 23. Re2 h6 24. h3 Qf5 25. Bxc7 Re8 26. Rxe8+ Bxe8 27. Qe2
Bd7 28. Be5 Be6 29. Qf3 Bxe5 30. Qxf5 Bxf5 31. dxe5 Bxc2 32. b4 d4 33. Ne4 Bxe4
34. Kf1 d3 35. g3 Bf3 36. Ke1 Be2 37. Kd2 Kf8 38. h4 Ke7 39. f4 Ke6 40. Kc3 Kd5
41. b3 Ke4 42. e6 fxe6 43. Kd2 Kd4 44. b5 axb5 45. b4 Ke4 46. f5 Kxf5 47. h5 Kg4
{White resigns} 0-1

[Event "Team 45 45 League T47"]
[Site "Internet Chess Club"]
[Date "2010.12.13"]
[Round "6"]
[White "rgadoury"]
[Black "BosqueVerde"]
[Result "1/2-1/2"]
[WhiteElo "1234"]
[BlackElo "1239"]
[Opening "Queen's pawn game"]
[ECO "D00"]
[Time "21:01:35"]
[TimeControl "2700+45"]

1. d4 d5 2. g3 Nf6 3. Bg2 c6 4. Nf3 Bg4 5. O-O Nbd7 6. Nbd2 Qc7 7. c4 e5 8. dxe5
Nxe5 9. cxd5 Nxd5 10. Nxe5 Qxe5 11. h3 Be6 12. Nf3 Qc7 13. Re1 Bc5 14. Nd4 Bxd4
15. Qxd4 O-O 16. e4 Nf6 17. e5 Nd5 18. Bxd5 Rfd8 19. Qe4 Bxd5 20. Qh4 Re8 21.
Bf4 Re6 {Game drawn by mutual agreement} 1/2-1/2

[Event "Team 45 45 League T47"]
[Site "Internet Chess Club"]
[Date "2010.12.11"]
[Round "6"]
[White "WannaB"]
[Black "oldbookseller"]
[Result "1-0"]
[WhiteElo "952"]
[BlackElo "868"]
[Opening "Philidor: Hanham variation"]
[ECO "C41"]
[Time "19:00:22"]
[TimeControl "2700+45"]

1. e4 e5 2. Nf3 d6 3. d4 Nd7 4. Bc4 Qe7 5. O-O b6 6. dxe5 dxe5 7. Qd5 Rb8 8.
Nxe5 Nxe5 9. Bb5+ c6 10. Bxc6+ Bd7 11. Bxd7+ Nxd7 12. Nc3 Ngf6 13. Qc6 g6 14.
Bg5 Bg7 15. Nd5 Qd8 16. e5 O-O 17. exf6 Ne5 18. Ne7+ Kh8 19. Qb5 h6 20. fxg7+
Kxg7 21. Qxe5+ Kh7 22. Bf6 Qe8 23. Qe4 Rd8 24. Qc6 Rc8 25. Nxc8 Qxc6 26. Ne7
Qxf6 27. Nd5 Qxb2 28. c3 Qb5 29. Nc7 Qd7 30. Na6 Qb5 31. Nc7 Qc4 32. a4 Qxc7 33.
Rfc1 Re8 34. c4 Re5 35. Rab1 Rh5 36. g3 Re5 37. Rb5 Qc6 38. Rxe5 Qxa4 39. Re7
Kg7 40. Re4 Qb4 41. Ree1 a5 42. Rb1 Qc5 43. Rec1 h5 44. Rb5 Qd4 45. Rd5 Qe4 46.
Rb5 a4 47. c5 h4 48. Rxb6 hxg3 49. hxg3 a3 50. Ra6 Qg4 51. Rxa3 Qb4 52. Rac3 Qb2
53. c6 Qd2 54. c7 f5 55. c8=Q f4 56. Qc7+ Kh6 57. gxf4 g5 58. fxg5+ Kxg5 59.
Rg3+ Kh4 60. Qh7+ {Black resigns} 1-0

[Event "Team 45 45 League T47"]
[Site "Internet Chess Club"]
[Date "2010.12.12"]
[Round "6"]
[White "Razorbackchess"]
[Black "Ivio"]
[Result "0-1"]
[WhiteElo "1802"]
[BlackElo "1821"]
[Opening "QGD: Albin counter-gambit, Alapin variation"]
[ECO "D08"]
[Time "14:32:13"]
[TimeControl "2700+45"]

1. d4 d5 2. c4 e5 3. dxe5 d4 4. Nf3 Nc6 5. Nbd2 Bg4 6. a3 Nge7 7. h3 Bh5 8. Qa4
Bxf3 9. Nxf3 Ng6 10. b4 Be7 11. Bb2 O-O 12. Rd1 Ngxe5 13. Nxe5 Nxe5 14. Rxd4 Qc8
15. Qc2 Bf6 16. Rd5 Re8 17. e3 c6 18. Rd2 Qc7 19. Be2 Rad8 20. Rxd8 Rxd8 21. O-O
c5 22. b5 Qe7 23. Rd1 Rxd1+ 24. Bxd1 Qe6 25. Be2 Nd7 26. Bxf6 Qxf6 27. Qe4 Qa1+
28. Kh2 Qe5+ 29. Qxe5 Nxe5 30. f4 Nd7 31. Bf3 b6 32. g4 h6 33. Kg3 Kf8 34. Bd5
Ke7 35. Kf3 g5 36. e4 f6 37. Bg8 Kd6 38. Bd5 Nf8 39. Kg3 Ng6 40. f5 Nf4 41. h4
Ne2+ 42. Kh3 Nd4 43. hxg5 hxg5 44. Kg3 Ke5 45. Bb7 Nc2 46. a4 Ne3 47. Bd5 Nd1
48. Kf3 Nb2 49. Ke3 Nd1+ 50. Kf3 Kd4 51. Be6 Nc3 52. Bd5 Nxa4 53. Ke2 Nc3+ 54.
Kf3 Na2 55. Ke2 Nb4 56. Bb7 Nd3 57. Bd5 Ne5 58. Kf2 Nxg4+ 59. Kg3 Ne5 60. Kf2
Kd3 61. Kg3 Ke3 62. Kg2 Kf4 63. Kf2 g4 64. Kg2 g3 65. Be6 Ng4 66. Bd5 Ne3+ 67.
Kg1 Nd1 68. Kg2 Nc3 69. Kf1 Nxe4 {White resigns} 0-1

[Event "Team 45 45 League T47"]
[Site "Internet Chess Club"]
[Date "2010.12.13"]
[Round "6"]
[White "Berke"]
[Black "Tamarin"]
[Result "1/2-1/2"]
[WhiteElo "1657"]
[BlackElo "1768"]
[Opening "Scotch: Schmidt variation"]
[ECO "C45"]
[Time "02:30:23"]
[TimeControl "2700+45"]

1. e4 e5 2. Nf3 Nc6 3. d4 exd4 4. Nxd4 Nf6 5. Bc4 d6 6. Nc3 g6 7. Bg5 Bg7 8.
Nxc6 bxc6 9. O-O O-O 10. f4 Be6 11. Bb3 Qd7 12. Qf3 Bxb3 13. axb3 Qg4 14. Qe3 a6
15. h3 Qe6 16. Qd3 a5 17. Rae1 h6 18. Bh4 Nd7 19. Bg3 f5 20. exf5 Qxf5 21. Qc4+
Rf7 22. Qxc6 Qc5+ 23. Qxc5 Nxc5 24. Rf3 Kf8 25. Bf2 Na6 26. g3 Nb4 27. Re2 Re8
28. Rd2 Rfe7 29. Nb5 Re2 30. Rxe2 Rxe2 31. Nxc7 Rxc2 32. Ne6+ Kf7 33. Nxg7 Kxg7
34. Bd4+ Kf7 35. f5 Rc1+ 36. Kg2 Rc2+ 37. Kg1 Rc1+ 38. Kg2 Rc2+ 39. Kg1 {Game
drawn by repetition} 1/2-1/2

[Event "Team 45 45 League T47"]
[Site "Internet Chess Club"]
[Date "2010.12.11"]
[Round "6"]
[White "badmove"]
[Black "krysto"]
[Result "1-0"]
[WhiteElo "1712"]
[BlackElo "1486"]
[Opening "Catalan: closed, 5.Nf3"]
[ECO "E06"]
[Time "15:01:51"]
[TimeControl "2700+45"]

1. d4 e6 2. c4 d5 3. Nf3 Nf6 4. g3 Be7 5. Bg2 b6 6. Nc3 Bb7 7. Ne5 Nbd7 8. cxd5
Nxe5 9. dxe5 Nxd5 10. Nxd5 Bxd5 11. Qa4+ Qd7 12. Qxd7+ Kxd7 13. e4 Bb4+ 14. Bd2
Bxd2+ 15. Kxd2 Bb7 16. Ke3 Rad8 17. Rhd1+ Ke7 18. f4 c5 19. Bf3 Rxd1 20. Rxd1
Rd8 21. Rxd8 Kxd8 22. g4 c4 23. Kd4 b5 24. Kc5 a6 25. Kb6 Bc8 26. f5 Ke7 27. Ka5
Kd7 28. a4 Kc6 29. axb5+ axb5 30. Kb4 h6 31. h4 g5 32. fxg6 fxg6 33. g5 hxg5 34.
hxg5 Kb6 35. Bh5 Bd7 36. Bxg6 Kc6 37. Bf7 {Black resigns} 1-0

[Event "Team 45 45 League T47"]
[Site "Internet Chess Club"]
[Date "2010.12.13"]
[Round "6"]
[White "milesotoole"]
[Black "MateIn42"]
[Result "1-0"]
[WhiteElo "1444"]
[BlackElo "1411"]
[Opening "Scotch: Mieses variation"]
[ECO "C45"]
[Time "22:18:43"]
[TimeControl "2700+45"]

1. e4 e5 2. Nf3 Nc6 3. d4 exd4 4. Nxd4 Nf6 5. Nxc6 bxc6 6. e5 Qe7 7. Qe2 Nd5 8.
c4 Ba6 9. b3 g6 10. f4 Bg7 11. Qf2 Nb6 12. Be2 Bxe5 13. fxe5 Qxe5 14. O-O O-O-O
15. Qf6 Qxe2 16. Nc3 Qe6 17. Bg5 Rde8 18. Qxf7 h6 19. Qxe6 Rxe6 20. Bh4 d5 21.
Rf6 Rhe8 22. Rxe6 Rxe6 23. Re1 Rxe1+ 24. Bxe1 d4 25. Ne2 c5 26. Nf4 g5 27. Ne6
Nd7 28. Bg3 c6 29. Bd6 d3 30. Kf1 Nf6 31. Nxc5 d2 32. Ke2 Bb7 33. Bf8 Kc7 34.
Nxb7 Kxb7 35. Kxd2 Ne4+ 36. Kd3 Nf2+ 37. Kd4 h5 38. Be7 g4 39. Bd6 h4 40. b4 a6
41. a4 Nd1 42. Ke4 Nc3+ 43. Kf4 Nxa4 44. Kxg4 Nc3 45. Kxh4 Ne4 46. Be5 c5 47.
bxc5 a5 48. g4 Nxc5 49. g5 Nd7 50. Bd4 Nf8 51. Kg4 a4 52. h4 Ne6 53. Bc3 Kc6 54.
Kf5 Kd7 55. h5 Ke7 56. g6 a3 57. h6 a2 58. h7 {Black resigns} 1-0

[Event "Team 45 45 League T47"]
[Site "Internet Chess Club"]
[Date "2010.12.12"]
[Round "6"]
[White "MASTERCHEF"]
[Black "gerailen0075"]
[Result "0-1"]
[WhiteElo "1754"]
[BlackElo "1853"]
[Opening "French: King's Indian attack"]
[ECO "C00"]
[Time "09:30:05"]
[TimeControl "2700+45"]

1. e4 e6 2. d3 d5 3. Nd2 Nf6 4. Ngf3 Nc6 5. g3 dxe4 6. dxe4 e5 7. Bg2 Bc5 8. O-O
O-O 9. Qe2 b6 10. Nb3 Bd6 11. Rd1 a5 12. Qb5 Nb4 13. Qe2 a4 14. Nbd2 Nxc2 15.
Rb1 c5 16. Nc4 Nd4 17. Nxd4 cxd4 18. f4 Bc5 19. Kh1 Ba6 20. fxe5 Nd7 21. Bf4 g5
22. e6 fxe6 23. Qg4 Bxc4 24. b3 Be2 25. Qxe6+ Rf7 26. Rd2 Nf8 27. Qh6 gxf4 28.
gxf4 d3 29. e5 Rg7 30. e6 Rxg2 31. Kxg2 Qd5+ 32. Kh3 Qf3+ 33. Kh4 Qg4# {White
checkmated} 0-1

[Event "Team 45 45 League T47"]
[Site "Internet Chess Club"]
[Date "2010.12.14"]
[Round "6"]
[White "Helaman"]
[Black "celebrat"]
[Result "1-0"]
[WhiteElo "1437"]
[BlackElo "1535"]
[Opening "French: Paulsen variation"]
[ECO "C10"]
[Time "20:00:50"]
[TimeControl "2700+45"]

1. e4 e6 2. d4 d5 3. Nc3 Ne7 4. Nf3 Nd7 5. Be3 Ng6 6. exd5 exd5 7. Nxd5 Bd6 8.
Bd3 O-O 9. Qd2 c6 10. Nc3 Qc7 11. Ne4 Bf4 12. O-O Nb6 13. g3 Bxe3 14. Qxe3 Nd5
15. Qd2 Bg4 16. Be2 h6 17. c4 Nde7 18. Rac1 Rad8 19. Qc3 Nf5 20. d5 Rfe8 21. Qd3
cxd5 22. cxd5 Qe7 23. Nfd2 Bxe2 24. Qxe2 Rxd5 25. Qc4 Red8 26. Rfe1 Ne5 27. Qc7
R8d7 28. Qb8+ Kh7 29. Rc8 Ng6 30. Re8 Qb4 31. h4 Rxd2 32. Nxd2 Qxd2 33. h5 Nf8
34. Qe5 Nd4 35. Qe4+ g6 36. Rxf8 Qxe1+ 37. Qxe1 Nf3+ 38. Kf1 Nxe1 39. Kxe1 gxh5
40. Re8 Kg6 41. Re3 Kg5 42. Ra3 a6 43. Ra5+ f5 44. Ra4 Re7+ 45. Kd1 Re4 46. Ra3
Kg4 47. f3+ {Black resigns} 1-0

[Event "Team 45 45 League T47"]
[Site "Internet Chess Club"]
[Date "2010.12.14"]
[Round "6"]
[White "crazyhorses"]
[Black "BrandonBee"]
[Result "1-0"]
[WhiteElo "1568"]
[BlackElo "1597"]
[Opening "Sicilian: Kan variation"]
[ECO "B41"]
[Time "15:00:17"]
[TimeControl "2700+45"]

1. e4 c5 2. Nf3 e6 3. d4 cxd4 4. Nxd4 a6 5. Be2 Qc7 6. O-O b6 7. Be3 Nf6 8. Nd2
Bb7 9. Bf3 Bc5 10. Qe2 O-O 11. c3 b5 12. g3 d6 13. Rac1 Nbd7 14. a3 Ne5 15. Bg2
Neg4 16. b4 Ba7 17. c4 bxc4 18. Rxc4 Qd7 19. Rfc1 Rac8 20. Nxe6 fxe6 21. Bxa7
Rxc4 22. Rxc4 Ne5 23. Rc2 Bxe4 24. Bxe4 Qxa7 25. Nf3 Nfg4 26. h3 Nxf3+ 27. Bxf3
Ne5 28. Bg4 Rf6 29. Rc8+ Kf7 30. Qc2 Nd7 31. Rc7 Qb8 32. Rxd7+ Ke8 33. Rxg7
{Black resigns} 1-0

[Event "Team 45 45 League T47"]
[Site "Internet Chess Club"]
[Date "2010.12.11"]
[Round "6"]
[White "blizzard13"]
[Black "one-over"]
[Result "1/2-1/2"]
[WhiteElo "1431"]
[BlackElo "1397"]
[Opening "Queen's pawn game"]
[ECO "A46"]
[Time "14:01:05"]
[TimeControl "2700+45"]

1. d4 Nf6 2. Nf3 d6 3. Bf4 g6 4. e3 Bg7 5. Nc3 Nbd7 6. Be2 O-O 7. h3 Re8 8. O-O
e5 9. dxe5 dxe5 10. Bh2 e4 11. Nd4 c6 12. a4 a5 13. Qd2 Nb6 14. f3 exf3 15. Nxf3
Qxd2 16. Nxd2 Rxe3 17. Rf3 Rxf3 18. Bxf3 Nfd5 19. Re1 Be6 20. Nxd5 Nxd5 21. c3
Rd8 22. Ne4 Bf8 23. Be5 Bg7 24. Nc5 Bxe5 25. Rxe5 b6 26. Nxe6 fxe6 27. Rxe6 Rc8
28. c4 Nf4 29. Rxc6 Rxc6 30. Bxc6 Nd3 31. Bd5+ Kg7 32. b3 Nc5 33. Bc6 Nxb3 34.
Bb5 Nc5 35. Kf2 Kf6 36. Ke3 Ke5 37. g4 g5 38. Be8 h6 39. Bb5 {Game drawn by
mutual agreement} 1/2-1/2

[Event "Team 45 45 League T47"]
[Site "Internet Chess Club"]
[Date "2010.12.11"]
[Round "6"]
[White "Just-Jim"]
[Black "wekabird"]
[Result "1/2-1/2"]
[WhiteElo "1338"]
[BlackElo "1227"]
[Opening "QGD Slav defense"]
[ECO "D10"]
[Time "18:30:11"]
[TimeControl "2700+45"]

1. d4 d5 2. c4 c6 3. c5 e6 4. Nf3 Nf6 5. Bg5 Be7 6. e3 O-O 7. Be2 b6 8. cxb6
axb6 9. Nbd2 Ba6 10. Bxa6 Nxa6 11. Bxf6 Bxf6 12. e4 dxe4 13. Nxe4 Be7 14. Qd2 f5
15. Nc3 Bb4 16. O-O Nc7 17. Ne5 Qe8 18. a3 Bxc3 19. Qxc3 Nd5 20. Qxc6 Qxc6 21.
Nxc6 Rac8 22. Ne5 Rc2 23. Nd3 Rc4 24. Rfe1 Re8 25. f3 Rxd4 26. Nf2 Rd2 27. b4
Nf4 28. Rac1 Ne2+ 29. Rxe2 Rxe2 30. h3 h6 31. Rc6 b5 32. Nd3 Ra8 33. Rb6 Rxa3
34. Nf4 e5 35. Nxe2 Rb3 36. Rxb5 Re3 37. Ng3 f4 38. Nf5 Re1+ 39. Kh2 e4 40. Re5
e3 41. Nxe3 fxe3 42. Kg3 g6 43. h4 h5 44. b5 Kf7 45. b6 Kf6 46. Re4 e2 47. Kf2
Rb1 48. Kxe2 Rxb6 49. Rf4+ Ke5 50. g3 Rb2+ 51. Kd3 Rg2 52. Re4+ Kf6 53. g4 hxg4
54. fxg4 Rg3+ 55. Kd4 g5 56. h5 Rh3 57. Re5 Rf3 58. Rf5+ Rxf5 59. gxf5 Kxf5 60.
h6 Kg6 61. h7 Kxh7 62. Ke4 Kg6 63. Kf3 Kh5 64. Kg3 g4 65. Kg2 Kh4 66. Kh2 Kg5
67. Kg3 Kf5 68. Kg2 Kf4 69. Kh2 Kf3 70. Kg1 g3 71. Kh1 Kf2 {White stalemated}
1/2-1/2

[Event "Team 45 45 League T47"]
[Site "Internet Chess Club"]
[Date "2010.12.10"]
[Round "6"]
[White "Conjurer"]
[Black "WzeroMN"]
[Result "1-0"]
[WhiteElo "1155"]
[BlackElo "1141"]
[Opening "Ruy Lopez: Möller defense"]
[ECO "C78"]
[Time "17:05:40"]
[TimeControl "2700+45"]

1. e4 e5 2. Nf3 Nc6 3. Bb5 a6 4. Ba4 Nf6 5. O-O Bc5 6. Re1 O-O 7. c3 b5 8. Bb3
Re8 9. Bc2 d6 10. h3 Bb7 11. b4 Bb6 12. d3 h6 13. Nbd2 d5 14. Nf1 dxe4 15. dxe4
Qxd1 16. Rxd1 Red8 17. Bd2 a5 18. a3 axb4 19. axb4 Rxa1 20. Rxa1 Ra8 21. Rd1 Rd8
22. g4 g5 23. Ng3 Re8 24. Nf5 Bc8 25. Nxh6+ Kg7 26. Bxg5 Ng8 27. Nf5+ Bxf5 28.
gxf5 Nf6 29. Kg2 Rg8 30. h4 Nh7 31. Rh1 Kh8 32. Bb3 Rg7 33. f6 Nxf6 34. h5 Nxe4
35. Bd5 Nxg5 36. Bxc6 Ne6+ 37. Kf1 Nf4 38. Nxe5 Rh7 39. h6 f6 40. Nd7 f5 41.
Bxb5 Ne6 42. Ne5 Nd8 43. Ng6+ Kg8 44. Bc4+ Nf7 45. Ne7+ Kh8 46. Nxf5 c6 47. Ke2
Bd8 48. f4 Bc7 49. Kf3 Nd6 50. Nxd6 Bxd6 51. f5 Bf8 52. b5 cxb5 53. Bxb5 Bxh6
54. Bd3 Kg8 55. f6 Rh8 56. Bc4+ Kf8 57. Be6 Rh7 58. c4 Ke8 59. c5 Rc7 60. Rxh6
{Black forfeits on time} 1-0

[Event "Team 45 45 League T47"]
[Site "Internet Chess Club"]
[Date "2010.12.10"]
[Round "6"]
[White "CoasterBrake"]
[Black "guyd52"]
[Result "1/2-1/2"]
[WhiteElo "1198"]
[BlackElo "1213"]
[Opening "Pirc: Austrian attack, 6.Bd3"]
[ECO "B06"]
[Time "18:02:22"]
[TimeControl "2700+45"]

1. e4 g6 2. d4 d6 3. Nc3 Bg7 4. f4 Nf6 5. Nf3 O-O 6. Bd3 Nbd7 7. O-O b6 8. e5
Ng4 9. Re1 Bb7 10. h3 Nh6 11. Ng5 e6 12. Nge4 Nf5 13. Ne2 c5 14. c3 c4 15. Bc2
Bxe4 16. Bxe4 d5 17. Bc2 Nh4 18. Ng3 b5 {Game drawn by mutual agreement} 1/2-1/2

[Event "Team 45 45 League T47"]
[Site "Internet Chess Club"]
[Date "2010.12.12"]
[Round "6"]
[White "WilmaP"]
[Black "theartist"]
[Result "1-0"]
[WhiteElo "1194"]
[BlackElo "1190"]
[Opening "French: advance variation"]
[ECO "C02"]
[Time "12:30:43"]
[TimeControl "2700+45"]

1. e4 e6 2. d4 d5 3. e5 c5 4. c3 Nc6 5. Bb5 Bd7 6. Nf3 Qb6 7. a4 Nge7 8. Be3 c4
9. Na3 a6 10. Bxc6 Bxc6 11. Rb1 Nf5 12. Bf4 Be7 13. O-O Qa5 14. b3 Bd6 15. exd6
Kd7 16. Ne5+ Kd8 {Black resigns} 1-0

[Event "Team 45 45 League T47"]
[Site "Internet Chess Club"]
[Date "2010.12.10"]
[Round "6"]
[White "Skylab"]
[Black "LeanSixSigma"]
[Result "0-1"]
[WhiteElo "1291"]
[BlackElo "1446"]
[Opening "QGD semi-Slav: 5.e3"]
[ECO "D45"]
[Time "15:00:28"]
[TimeControl "2700+45"]

1. d4 d5 2. c4 c6 3. e3 Nf6 4. Nc3 e6 5. Nf3 Bb4 6. Bd2 O-O 7. Bd3 Bxc3 8. Bxc3
Ne4 9. Qc2 f5 10. O-O Bd7 11. Ne5 Be8 12. f3 Nxc3 13. bxc3 Nd7 14. cxd5 Nxe5 15.
dxe5 cxd5 16. Rad1 Qa5 17. Qd2 Bb5 18. Bxb5 Qxb5 19. f4 Rac8 20. Rc1 Rc4 21. Rc2
Qc5 22. Rfc1 Rxf4 23. Kh1 Re4 24. c4 Qxe3 25. Qxe3 Rxe3 26. cxd5 Rxe5 27. dxe6
Rxe6 28. h3 Re7 29. Rc7 Rfe8 30. R1c2 Kf7 31. g4 g6 32. gxf5 gxf5 33. Kg2 Rxc7
34. Rxc7+ Re7 35. Rc2 b6 36. Kf3 Kf6 37. Rc6+ Kg5 38. Rc4 h5 39. h4+ Kf6 40. a3
a5 41. a4 Re6 42. Rd4 Ke5 43. Rc4 Kd5 44. Rc3 Re4 45. Kg3 f4+ 46. Kf3 Re3+ 47.
Rxe3 fxe3 48. Kxe3 Ke5 49. Kf3 Kf5 50. Kg3 Ke4 51. Kg2 Kf4 52. Kh3 Kf3 53. Kh2
Kg4 {White resigns} 0-1

[Event "Team 45 45 League T47"]
[Site "Internet Chess Club"]
[Date "2010.12.09"]
[Round "6"]
[White "jjaillet2007"]
[Black "JimGaming"]
[Result "0-1"]
[WhiteElo "1295"]
[BlackElo "1301"]
[Opening "Nimzo-Indian: Leningrad variation"]
[ECO "E30"]
[Time "21:01:16"]
[TimeControl "2700+45"]

1. d4 Nf6 2. c4 e6 3. Bg5 Bb4+ 4. Nc3 Bxc3+ 5. bxc3 c6 6. Nf3 h6 7. Bh4 g5 8.
Bg3 d6 9. e3 Ne4 10. Qc2 Nxg3 11. fxg3 Qa5 12. Bd3 Nd7 13. O-O Nf6 14. h3 Nh5
15. Kh2 b5 16. g4 Nf6 17. c5 Nd5 18. Rfe1 Qc7 19. cxd6 Qxd6+ 20. Ne5 a5 21. Qf2
Qc7 22. g3 Ba6 23. Be4 Bb7 24. Bxd5 cxd5 25. Rf1 O-O-O 26. Nxf7 Rhf8 27. Qf6 Qd7
28. Qg6 Rg8 29. Qxh6 Rdf8 30. Ne5 Qe8 31. Rxf8 Rxf8 32. Kg2 Kc7 33. Qg7+ Kc8 34.
Rf1 Rxf1 35. Kxf1 b4 36. c4 a4 37. cxd5 Bxd5 38. Kf2 Bxa2 39. Qa7 Qb5 40. Qc5+
Qxc5 41. dxc5 Bd5 42. Nd3 b3 43. Ke2 a3 44. Nb4 b2 45. h4 b1=Q 46. Nd3 Qc2+ 47.
Kf1 Qxd3+ 48. Kg1 Qxe3+ 49. Kh2 Qf2+ {White resigns} 0-1

[Event "Team 45 45 League T47"]
[Site "Internet Chess Club"]
[Date "2010.12.13"]
[Round "6"]
[White "Mclintock45"]
[Black "sere"]
[Result "0-1"]
[WhiteElo "1019"]
[BlackElo "1213"]
[Opening "Petrov: classical attack"]
[ECO "C42"]
[Time "11:00:13"]
[TimeControl "2700+45"]

1. e4 e5 2. Nf3 Nf6 3. Nxe5 d6 4. Nf3 Nxe4 5. d4 Qe7 6. Bd3 Nc3+ 7. Qe2 Nxe2 8.
Bxe2 g6 9. O-O Bg7 10. Re1 O-O 11. Bg5 Qe4 12. Nc3 Qxc2 13. Na4 Qxa4 14. Be7 Re8
15. Bg5 Nc6 16. Bd1 Rxe1+ 17. Nxe1 Qxd4 18. Be3 Qxb2 19. Rc1 Qxa2 20. Nf3 Bf5
21. Ng5 Bb2 22. Rc2 Bxc2 23. Bxc2 Qa1+ 24. Bd1 Qxd1# {White checkmated} 0-1

[Event "Team 45 45 League T47"]
[Site "Internet Chess Club"]
[Date "2010.12.11"]
[Round "6"]
[White "BenjaminSisko"]
[Black "leo6"]
[Result "0-1"]
[WhiteElo "1458"]
[BlackElo "1565"]
[Opening "Scotch gambit: Dubois-Réti defense"]
[ECO "C55"]
[Time "20:14:21"]
[TimeControl "2700+45"]

1. e4 e5 2. Nf3 Nc6 3. d4 exd4 4. Bc4 Nf6 5. e5 d5 6. Bb5 Ne4 7. Nxd4 Bd7 8.
Bxc6 Bxc6 9. O-O Bc5 10. Be3 O-O 11. f3 Bxd4 12. Bxd4 Ng5 13. f4 Ne4 14. f5 Bb5
15. Rf3 c5 16. Nc3 Nxc3 17. Bxc3 d4 18. Bd2 Qb6 19. Rg3 f6 20. Qg4 Rf7 21. e6
Re7 22. Bh6 Qc7 23. Bf4 Qc6 24. Rh3 Qe4 25. Qh5 g6 26. fxg6 Bc6 27. gxh7+ Kh8
28. Rg3 Qxf4 29. Rf1 Qe5 30. Qg6 Rxh7 31. Rxf6 Be4 32. Qg5 Qxg5 {White resigns}
0-1

[Event "Team 45 45 League T47"]
[Site "Internet Chess Club"]
[Date "2010.12.14"]
[Round "6"]
[White "Burbia"]
[Black "philosopherking"]
[Result "0-1"]
[WhiteElo "1394"]
[BlackElo "1539"]
[Opening "French: advance, Paulsen attack"]
[ECO "C02"]
[Time "13:03:16"]
[TimeControl "2700+45"]

1. e4 e6 2. d4 d5 3. e5 c5 4. c3 Nc6 5. Nf3 Qb6 6. a3 a5 7. Bd3 Bd7 8. O-O cxd4
9. cxd4 Nxd4 10. Nxd4 Qxd4 11. Nc3 Qxe5 12. Nb5 Qb8 13. Qc2 Bd6 14. g3 Ne7 15.
Nxd6+ Qxd6 16. Bf4 e5 17. Be3 e4 18. Be2 O-O 19. Rad1 Nc6 20. Bc5 Qe5 21. Bb5
Rfe8 22. Bxc6 bxc6 23. Rfe1 Bh3 24. Bd4 Qf5 25. f4 exf3 26. Qxf5 Bxf5 27. Kf2
Bg4 28. Rc1 Rxe1 29. Rxe1 Rc8 30. h3 Bxh3 31. Kxf3 Bf5 32. g4 Be4+ 33. Kf4 c5
34. Bc3 a4 35. Rc1 f6 36. g5 fxg5+ 37. Kxg5 d4 38. Bxd4 c4 39. Bc3 Bd3 40. Rg1
h6+ 41. Kf4 g5+ 42. Kg3 Kf7 43. Re1 Re8 44. Rxe8 Kxe8 45. Bg7 h5 46. Be5 Kf7 47.
Bc3 Kg6 48. Bd2 Kf5 49. Kf3 h4 50. Be1 g4+ 51. Ke3 h3 52. Bg3 Bb1 53. Bh4 h2
{White resigns} 0-1

[Event "Team 45 45 League T47"]
[Site "Internet Chess Club"]
[Date "2010.12.12"]
[Round "6"]
[White "peterdiplaros"]
[Black "Gambit42"]
[Result "1-0"]
[WhiteElo "1458"]
[BlackElo "1225"]
[Opening "Queen's pawn: stonewall attack"]
[ECO "D00"]
[Time "16:01:48"]
[TimeControl "2700+45"]

1. d4 d5 2. e3 Nf6 3. Bd3 Nc6 4. c3 e6 5. f4 Bd6 6. Nf3 h6 7. O-O O-O 8. Nbd2
Ne7 9. Ne5 c5 10. g4 Nd7 11. Ndf3 f6 12. Ng6 Nxg6 13. Bxg6 Nb6 14. g5 fxg5 15.
fxg5 e5 16. gxh6 gxh6 17. dxe5 Bxe5 18. Nxe5 Qg5+ 19. Kh1 Qxe5 20. Rxf8+ Kxf8
21. Qf3+ Ke7 22. Qf7+ Kd6 23. Bd2 Be6 24. Qf3 Nc4 25. Be1 Qxe3 26. Bg3+ Ke7 27.
Bh4+ Kd7 28. Qxe3 Nxe3 29. Re1 Nc4 30. b3 Rg8 31. Bh7 Rg7 32. Bd3 Bg4 33. Bg3
Bf3+ 34. Kg1 Nd6 35. Re3 Be4 36. Be2 Nf5 37. Bb5+ Ke6 38. Kf2 Nxe3 39. Kxe3 a6
40. Bf1 b5 41. Bh3+ Kf6 42. c4 bxc4 43. bxc4 Bf5 44. Bf1 d4+ 45. Kd2 Kg5 46. Bd6
Rb7 47. Bxc5 Rb2+ 48. Ke1 d3 49. Be3+ Kf6 50. Bd4+ {Black resigns} 1-0

[Event "Team 45 45 League T47"]
[Site "Internet Chess Club"]
[Date "2010.12.14"]
[Round "6"]
[White "Mark-SF"]
[Black "crimsonviper"]
[Result "1-0"]
[WhiteElo "1808"]
[BlackElo "1577"]
[Opening "Giuoco Piano"]
[ECO "C54"]
[Time "23:00:10"]
[TimeControl "2700+45"]

1. e4 e5 2. Nf3 Nc6 3. Bc4 Bc5 4. c3 Nf6 5. d4 exd4 6. cxd4 Bb4+ 7. Bd2 Bxd2+ 8.
Nbxd2 d5 9. exd5 Nxd5 10. Qb3 Nce7 11. O-O O-O 12. Rfe1 c6 13. Ne4 Qb6 14. Nc3
Qxb3 15. Bxb3 Bg4 16. Nxd5 Nxd5 17. Bxd5 cxd5 18. Re7 Bxf3 19. gxf3 b6 20. Rc1
Rfc8 21. Rxc8+ Rxc8 22. Rxa7 g6 23. Rb7 Rc6 24. Kg2 Kg7 25. Kg3 Kf6 26. b4 h6
27. a3 Ke6 28. a4 Kf6 29. h3 Kg5 30. Rd7 Rc4 31. Rxd5+ f5 32. Rb5 Rc6 33. a5
bxa5 34. bxa5 Rd6 35. d5 f4+ 36. Kg2 h5 37. Rc5 h4 38. Kf1 Kf5 39. Ke2 Ke5 40.
Kd3 g5 41. Kc4 Ra6 42. Kb5 Rd6 43. a6 {Black resigns} 1-0